 Dungeon Crawl Stone Soup version 0.19-a0-1815-g4007336 (webtiles) character file.

35 tyvek the Skirmisher (level 3, 22/24 HPs)
             Began as a Gargoyle Fighter on Oct 5, 2016.
             Quit the game on level 1 of the Dungeon.
             The game lasted 00:01:25 (729 turns).

tyvek the Skirmisher (Gargoyle Fighter)              Turns: 729, Time: 00:01:26

Health: 22/24      AC: 11    Str: 19    XL:     3   Next: 33%
Magic:  3/3        EV:  7    Int:  8    God:
Gold:   35         SH:  9    Dex: 10    Spells: 0 memorised, 2 levels left

rFire  . . .     SeeInvis .     a - +0 flail
rCold  + . .     Gourm    .     b - +0 scale mail
rNeg   + . .     Faith    .     c - +0 shield
rPois  ∞         Spirit   .     (no helmet)
rElec  +         Dismiss  .     (no cloak)
rCorr  .         Reflect  .     i - +0 pair of gloves
MR     .....     Harm     .     (no boots)
Stlth  ..........               (no amulet)
                                (no ring)
                                d - ring of protection from cold {rC+, !d}

@: no status effects
A: negative energy resistance 1, electricity resistance, unbreathing,
petrification resistance, rot immunity, AC +3
a: no special abilities


You were on level 1 of the Dungeon.
You were not hungry.

You visited 1 branch of the dungeon, and saw 1 of its levels.

You collected 35 gold pieces.

Inventory:

Hand Weapons
 a - a +0 flail (weapon)
Armour
 b - a +0 scale mail (worn)
 c - a +0 shield (worn)
 i - a +0 pair of gloves (worn)
   (You found it on level 1 of the Dungeon)
Jewellery
 d - a ring of protection from cold (left hand) {rC+, !d}
   (You found it on level 1 of the Dungeon)
Scrolls
 e - a scroll of random uselessness {unknown}
Comestibles
 f - 2 bread rations {@e1}
 g - 4 fruits
 h - 7 chunks of flesh {@w0}
 j - a meat ration {@e2}


   Skills:
 + Level 3.7 Fighting
 * Level 2.9 Maces & Flails
 + Level 3.4 Armour
 + Level 3.5 Shields


You had 2 spell levels left.
You didn't know any spells.

Dungeon Overview and Level Annotations

Branches:
Dungeon (1/15)

Altars:


Innate Abilities, Weirdness & Mutations

You are resistant to torment.
Your stone body is resilient. (AC +3)
You are immune to poison.
You resist negative energy. (rN+)
You are resistant to electric shocks. (rElec)
You can survive without breathing.
You are immune to petrification.
You are immune to rotting.


Message History

You closely miss the goblin. The goblin hits you with a club.
You take 1 damage, and have 22/23 hp.
You closely miss the goblin. The goblin barely misses you.
The goblin completely misses you.
You sock the goblin!
You kill the goblin!
No target in view!
No target in view!
No target in view!
No target in view!
You see here a club.
You now have 35 gold pieces (gained 6).
You see here a leather armour. 2 ball pythons come into view.
The ball python hisses angrily. x2
Health restored: 23 A bat and a goblin come into view.
The goblin shouts!
The ball python completely misses you. The ball python grabs you.
The ball python constricts you.
You hit the ball python.
The ball python bites you but does no damage.
The ball python constricts you. 2 jackals come into view.
You closely miss the ball python.
The jackal barks! x2
You block the ball python's attack. The ball python constricts you.
You block the ball python's attack. The ball python constricts you.
You take 1 damage, and have 22/23 hp.
You sock the ball python!
You kill the ball python!
The bat hits you but does no damage.
The jackal stops to sniff the ground.
The ball python bites you but does no damage.
You block the ball python's attack.
Unknown command.
Your shield and scale mail prevent you from hitting the ball python.
The ball python bites you but does no damage.
The ball python closely misses you. You block the ball python's attack. x2
Your shield prevents you from hitting the ball python.
The ball python bites you but does no damage.
You block the ball python's attack.
You closely miss the ball python. The ball python barely misses you.
The ball python grabs you. The ball python constricts you.
The ball python bites you but does no damage.
The ball python constricts you.
You take 1 damage, and have 21/23 hp.
You hit the ball python.
You kill the ball python!
You block the bat's attack.
The jackal bites you but does no damage.
You hit the jackal.
You kill the jackal!
You block the bat's attack. x2
You sock the bat!
You kill the bat!
The jackal barely misses you.
You hit the jackal. You block the jackal's attack.
The jackal bites you but does no damage.
Unknown command.
You closely miss the jackal. The jackal bites you.
The jackal bites you but does no damage.
You take 1 damage, and have 20/23 hp.
You closely miss the jackal. You block the jackal's attack.
The jackal bites you but does no damage.
You barely miss the jackal. You block the jackal's attack. x2
You hit the jackal.
The jackal bites you but does no damage. x2
You sock the jackal!
You kill the jackal!
You hit the goblin. The goblin hits you but does no damage.
Your shield and scale mail prevent you from hitting the goblin.
The goblin hits you but does no damage.
You barely miss the goblin. You block the goblin's attack.
The goblin hits you with a club.
You take 1 damage, and have 20/23 hp.
You hit the goblin but do no damage. The goblin hits you but does no damage.
You hit the goblin. The goblin hits you but does no damage.
You hit the goblin.
You kill the goblin!
No target in view!
No target in view!
No target in view!
No target in view!
Items here: ) ††† a club; a jackal corpse; a bat corpse; a jackal corpse You butcher the jackal corpse.
h - 3 chunks of flesh {@w0}
Things that are here:
a club; a bat corpse; a jackal corpse You butcher the bat corpse.
h - 4 chunks of flesh {@w0} (gained 1)
Things that are here:
a club; a bat skeleton; a jackal corpse You butcher the jackal corpse.
h - 7 chunks of flesh {@w0} (gained 3)
Things that are here:
a club; a bat skeleton; a jackal skeleton

#.....# ###.#.#
#.#.. #.### #..#
############ ##.#
#..........# #)#
#.########.# #.#
#@#...####.####.#
#..................#
#.......#####[######
.........# #.#
#.#........# #.# #
##.......# #.#
#.......# #.#
#........ ..# ...


There were no monsters in sight!

Vanquished Creatures
  A gnoll (D:1)
  An ooze (D:1)
  3 giant cockroaches (D:1)
  4 goblins (D:1)
  2 hobgoblins (D:1)
  2 jackals (D:1)
  2 ball pythons (D:1)
  2 bats (D:1)
  A frilled lizard (D:1)
18 creatures vanquished.

Notes
Turn   | Place    | Note
-------+----------+-------------------------------------------
     0 | D:1      | tyvek the Gargoyle Fighter began the quest for the Orb.
     0 | D:1      | Reached XP level 1. HP: 14/14 MP: 1/1
    61 | D:1      | Reached XP level 2. HP: 15/19 MP: 2/2
   159 | D:1      | HP: 4/19 [gnoll/flail (11)]
   199 | D:1      | HP: 2/19 [hobgoblin/club (2)]
   240 | D:1      | HP: 2/19 [hobgoblin (3)]
   242 | D:1      | Reached XP level 3. HP: 1/23 MP: 3/3
   729 | D:1      | Quit the game

Vault maps used:
D:1:      shiori_shiawase

Action                   || total
-------------------------++-------
Melee: Flail             ||    75
  Use: Potion            ||     1
Armor: Scale mail        ||    38
Dodge: Dodged            ||    25
Block: Shield            ||    30

Vault maps used:
D:1:      shiori_shiawase

Table legend:
 A = Turns spent in this place as a percentage of turns spent in the entire game.
 B = Non-inter-level travel turns spent in this place as a percentage of non-inter-level travel turns spent in the entire game.
 C = Inter-level travel turns spent in this place as a percentage of turns spent in this place.
 D = Turns resting spent in this place as a percentage of non-inter-level travel turns spent in this place.
 E = Turns spent auto-exploring this place as a percentage of non-inter-level travel turns spent in this place.
 F = Non-inter-level travel turns spent in this place divided by the number of levels of this place that you've seen.
                   A       B       C       D       E      F
               +-------+-------+-------+-------+-------+----------------------
         Total | 100.0 | 100.0 |   0.0 |   3.7 |   5.5 | 218.0
       Dungeon | 100.0 | 100.0 |   0.0 |   3.7 |   5.5 | 218.0
               +-------+-------+-------+-------+-------+----------------------

Table legend:
 A = Kills in this place as a percentage of kills in entire the game.
 B = Kills by you in this place as a percentage of kills by you in the entire game.
 C = Kills by friends in this place as a percentage of kills by friends in the entire game.
 D = Other kills in this place as a percentage of other kills in the entire game.
 E = Experience gained in this place as a percentage of experience gained in the entire game.
 F = Experience gained in this place divided by the number of levels of this place that you have seen.
                   A       B       C       D       E      F
               +-------+-------+-------+-------+-------+----------------------
         Total | 100.0 | 100.0 |  -nan |  -nan | 100.0 |  50.0
       Dungeon | 100.0 | 100.0 |  -nan |  -nan | 100.0 |  50.0
               +-------+-------+-------+-------+-------+----------------------
